 Dungeon Crawl Stone Soup version 0.20-a0-1109-ge3cd172 (webtiles) character file.

7704 Ijustatesigmund the Epochal (level 11, -20/67 HPs)
             Began as a Gargoyle Fighter on May 5, 2017.
             Was an Elder of Cheibriados.
             Killed from afar by an ice dragon (49 damage)
             ... with a blast of cold
             ... on level 11 of the Dungeon.
             The game lasted 00:23:13 (7677 turns).

Ijustatesigmund the Epochal (Gargoyle Fighter)      Turns: 7677, Time: 00:23:15

Health: -20/67     AC: 22    Str: 29    XL:     11   Next: 19%
Magic:  18/18      EV: 21    Int: 21    God:    Cheibriados [****..]
Gold:   181        SH: 12    Dex: 21    Spells: 10/10 levels left

rFire    . . .     SeeInvis .   G - +6 flail (curse)
rCold    . . .     Gourm    .   c - +1 shield
rNeg     + . .     Faith    .   d - +1 scale mail {rPois}
rPois    ∞         Spirit   .   (no helmet)
rElec    +         Reflect  .   m - +1 cloak
rCorr    .         Harm     .   p - +1 pair of gloves
MR       .....                  i - +1 pair of boots
Stlth    ..........             e - amulet of magic regeneration
Regen    0.3/turn               r - +3 ring of evasion
MPRegen  0.3/turn               B - +4 ring of evasion

@: very slow
A: negative energy resistance 1, electricity resistance, unbreathing,
petrification resistance, rot immunity, AC +7
a: Bend Time, Temporal Distortion, Slouch, Renounce Religion


You were on level 11 of the Dungeon.
You worshipped Cheibriados.
Cheibriados was greatly pleased with you.
You were hungry.

You visited 2 branches of the dungeon, and saw 10 of its levels.

You collected 598 gold pieces.
You spent 417 gold pieces at shops.

Inventory:

Hand Weapons
 a - a +4 flail
 G - a cursed +6 flail (weapon)
Missiles
 I - 5 javelins (quivered)
Armour
 c - a +1 shield (worn)
 d - a +1 scale mail of poison resistance (worn)
 i - a +1 pair of boots (worn)
 m - a +1 cloak (worn)
 p - a +1 pair of gloves (worn)
 H - a +0 robe of magic resistance
Jewellery
 e - an amulet of magic regeneration (around neck)
 r - a +3 ring of evasion (left hand)
 z - an uncursed ring of wizardry
 B - a +4 ring of evasion (right hand)
 D - an uncursed ring of fire
Wands
 q - a wand of clouds (0/9)
 J - a wand of polymorph (4/24)
Scrolls
 g - a scroll of magic mapping
 u - 4 scrolls of remove curse
 v - 6 scrolls of teleportation
 y - a scroll of immolation
 A - a scroll of amnesia
 C - a scroll of fog
Potions
 b - 4 potions of lignification
 h - a potion of flight
 k - a potion of berserk rage {unknown}
 l - 3 potions of brilliance
 o - 6 potions of curing
 s - 2 potions of heal wounds {unknown}
 t - a potion of mutation {unknown}
 w - a potion of agility
 x - a potion of ambrosia {unknown}
Comestibles
 f - 8 bread rations
 j - 7 meat rations
 n - 2 royal jellies


   Skills:
 + Level 7.1 Fighting
 + Level 7.0 Maces & Flails
 - Level 6.3 Armour
 - Level 8.0 Dodging
 - Level 3.2 Shields
 - Level 10.5 Invocations


You had 10 spell levels left.
You didn't know any spells.

Dungeon Overview and Level Annotations

Branches:
Dungeon (8/15)             Temple (1/1) D:4            Lair (0/6) D:8

Altars:
Ashenzari
Cheibriados
Dithmenos
Elyvilon
Fedhas
Gozag
Hepliaklqana
Kikubaaqudgha
Makhleb
Nemelex Xobeh
Okawaru
Qazlal
Ru
Sif Muna
Trog
Uskayaw
Vehumet
Wu Jian
Xom
Yredelemnul
Zin
The Shining One

Shops:
D:5 =   D:7 %**

Portals:
Ice
Cave: D:11

Annotations:
D:8 exclusion: 2 oklob plants


Innate Abilities, Weirdness & Mutations

You are resistant to torment.
Your stone body is resilient. (AC +7)
You are immune to poison.
You resist negative energy. (rN+)
You are resistant to electric shocks. (rElec)
You can survive without breathing.
You are immune to petrification.
You are immune to rotting.


Message History

The ice dragon tramples you but does no damage.
You barely miss the ice dragon. Something closely misses you.
The ice dragon bites you but does no damage.
You block the ice dragon's attack. The ice dragon tramples you.
You hold your ground!
You hit the ice dragon.
The ice dragon is lightly wounded.
You block the ice dragon's attack. The ice dragon misses you. x2
You sock the ice dragon!
The ice dragon is lightly wounded.
Something barely misses you. Something hits you.
You block the ice dragon's attack. x2; The ice dragon tramples you.
You hold your ground!
Something closely misses you.
You hit the ice dragon.
The ice dragon is moderately wounded.
Something hits you. The ice dragon breathes frost at you.
The blast of cold hits you!
Ouch! That really hurt!
You die...

,,,,,,*,,,,,,,#.........###....*,
,,,,,,******###...........+....*,
,,,,,,,,,,,,..............##****,
,,,,,,,,,,,,................,,,,,
,,,,,,,,,,,,.................,,,,
,,,,,,*******##..........$...,,,,
,,,,,*********#####..{......,,,,,
,,,*****,,,*,* ####.........,,,,,
**,* *,,,,,,**#@##..#######****,
*,* *,,∩..hhhD#.#.## *, ***
*,,...#h####..# ** **,,,*#** ####
*****


You could see an ice dragon, 3 polar bears and a wolf.

Vanquished Creatures
  A death yak (D:8)
  A salamander (shapeshifter) (D:8)
  2 ugly things (D:8)
  An elephant (D:8)
  Grinder (D:3)
  3 hippogriffs
  A vampire (D:8)
  2 yaks (D:11)
  2 basilisks (D:8)
  Eustachio (D:6)
  Menkaure (D:5)
  A soldier ant (D:8)
  A phantom (D:11)
  8 ogres
  A wolf (D:11)
  2 big kobolds (D:3)
  9 bullfrogs
  A scorpion (D:7)
  10 wights
  2 howler monkeys (D:5)
  6 electric eels (D:5)
  4 crimson imps
  4 hounds
  A quasit (D:5)
  3 bullfrog zombies
  A centaur zombie (D:7)
  2 orc priests (D:6)
  13 orc wizards
  6 worker ants
  Terence (D:3)
  2 hound skeletons
  A worker ant zombie (D:7)
  11 gnolls
  10 adders
  2 shadow imps
  2 oozes
  2 adder skeletons
  2 adder zombies (D:5)
  2 worms
  5 leopard geckos
  26 orcs
  8 bats
  2 giant cockroaches
  8 goblins
  13 hobgoblins
  8 jackals
  6 quokkas
  A ball python (D:3)
  7 frilled lizards
  47 kobolds
  A quokka skeleton (D:5)
  8 rats
266 creatures vanquished.

Notes
Turn   | Place    | Note
-------+----------+-------------------------------------------
     0 | D:1      | Ijustatesigmund the Gargoyle Fighter began the quest for the Orb.
     0 | D:1      | Reached XP level 1. HP: 14/14 MP: 1/1
   104 | D:1      | Reached XP level 2. HP: 14/19 MP: 2/2
   360 | D:1      | Reached XP level 3. HP: 23/23 MP: 3/3
   896 | D:2      | Reached XP level 4. HP: 29/29 MP: 4/4
  1369 | D:3      | Found a shimmering altar of Xom.
  1390 | D:3      | Noticed Grinder
  1402 | D:3      | Killed Grinder
  1402 | D:3      | Reached skill level 5 in Armour
  1402 | D:3      | Reached XP level 5. HP: 16/33 MP: 5/5
  1402 | D:3      | Reached XP level 6. HP: 18/38 MP: 6/6
  1808 | D:3      | Reached XP level 7. HP: 44/44 MP: 7/7
  1838 | D:3      | Noticed Terence
  1846 | D:3      | Killed Terence
  1995 | D:3      | Reached skill level 5 in Fighting
  2444 | D:4      | Reached skill level 5 in Maces & Flails
  2881 | D:5      | Entered Level 5 of the Dungeon
  2925 | D:4      | Reached XP level 8. HP: 49/51 MP: 8/8
  3103 | D:4      | Found a staircase to the Ecumenical Temple.
  3115 | Temple   | Entered the Ecumenical Temple
  3310 | D:5      | Found a sacrificial altar of Ru.
  3546 | D:5      | Found Oxeen's Jewellery Boutique.
  3581 | D:5      | Found a snail-covered altar of Cheibriados.
  3592 | D:5      | Became a worshipper of Cheibriados the Contemplative
  3627 | D:5      | Found a glowing golden altar of the Shining One.
  3633 | D:5      | Reached skill level 1 in Dodging
  3633 | D:5      | Reached skill level 1 in Invocations
  3656 | D:5      | Reached skill level 2 in Invocations
  3713 | D:5      | Noticed Menkaure
  3724 | D:5      | Killed Menkaure
  3732 | D:5      | Found a stormy altar of Qazlal.
  3765 | D:5      | Reached skill level 3 in Invocations
  3781 | D:5      | Found a sparkling altar of Nemelex Xobeh.
  4030 | D:5      | Reached skill level 4 in Invocations
  4277 | D:5      | Reached * piety under Cheibriados
  4323 | D:5      | Reached XP level 9. HP: 55/56 MP: 12/12
  4443 | D:5      | Reached skill level 5 in Invocations
  4684 | D:6      | Noticed Eustachio
  4692 | D:6      | Killed Eustachio
  4695 | D:6      | Found an ornate altar of the Wu Jian Council.
  4837 | D:5      | Reached skill level 6 in Invocations
  4841 | D:5      | Bought a +4 ring of evasion for 396 gold pieces
  4915 | D:6      | Reached ** piety under Cheibriados
  5072 | D:6      | Found a bloodstained altar of Trog.
  5188 | D:6      | Reached skill level 5 in Dodging
  5320 | D:6      | Found a shattered altar of Ashenzari.
  5466 | D:7      | Found Exkogami's Food Shoppe.
  5530 | D:7      | Reached skill level 7 in Invocations
  5618 | D:7      | Found an ancient bone altar of Kikubaaqudgha.
  5752 | D:7      | Found Bumuuc's Assorted Antiques.
  5809 | D:7      | Found a glowing silver altar of Zin.
  5843 | D:7      | Reached *** piety under Cheibriados
  5987 | D:7      | Found Heopra's Assorted Antiques.
  5992 | D:7      | Bought a scroll labeled YPA ISEDEJENAD for 21 gold pieces
  6229 | D:7      | Reached XP level 10. HP: 61/61 MP: 15/15
  6353 | D:8      | Got a smoking long sword
  6354 | D:8      | Identified the +5 long sword of Koosh {freeze, Int+2} (You found it on level 8 of the Dungeon)
  6384 | D:8      | Reached skill level 8 in Invocations
  6580 | D:8      | Noticed an elephant
  6581 | D:8      | Found a staircase to the Lair.
  6582 | D:8      | Noticed a death yak
  6601 | D:8      | Killed an elephant
  6616 | D:8      | Reached skill level 9 in Invocations
  6677 | D:8      | Noticed a purple ugly thing
  6696 | D:8      | Killed a purple ugly thing
  6707 | D:8      | Killed a death yak
  6707 | D:8      | Reached **** piety under Cheibriados
  6843 | D:8      | Reached skill level 10 in Invocations
  6851 | D:8      | Noticed a green ugly thing
  6861 | D:8      | Killed a green ugly thing
  6922 | D:8      | Noticed an elephant
  6923 | D:8      | Noticed a salamander
  6923 | D:8      | an elephant changed into a salamander
  6929 | D:8      | Killed a salamander
  6929 | D:8      | Reached XP level 11. HP: 65/65 MP: 18/18
  7082 | D:8      | Found a blossoming altar of Fedhas.
  7084 | D:8      | Noticed an oklob plant
  7084 | D:8      | Noticed an oklob plant
  7534 | D:8      | You fall through a shaft for 3 floors!
  7655 | D:11     | Found a frozen archway.
  7657 | D:11     | Noticed an ice dragon
  7677 | D:11     | Killed from afar by an ice dragon

Vault maps used:
D:1:      saegor_arrival_simple_f
D:2:      first_bread, kennysheep_decorative_pillar, st_stairs_10,
          grunt_ministairs_15, minmay_crystal_room
D:3:      minmay_goblin_kobold_castle, xom_butterflies, minmay_fountain_box,
          uniq_terence, uniq_grinder
D:4:      minmay_temple_entry_overgrown
D:5:      cheibrodos_two_vegetables, slow_altar_2,
          nemelex_xobeh_ov_fountains_minmay, grunt_qazlal_sundering,
          old_standard_altar, basic_altar, serial_shops, shop, uniq_menkaure
D:6:      lemuel_doored_altar, nicolae_ashenzari_panopticon, basic_altar,
          uniq_eustachio
D:7:      kennysheep_mini_moat, kennysheep_mini, serial_shops,
          nicolae_shop_crystal, shop, kennysheep_little_box, grunt_ogre_cave,
          hangedman_decor_lopped
D:8:      black_bear_nest_2, david_lair_generic, minmay_item_behind_shaft,
          hangedman_tree_tricks, minmay_evil_grid
D:11:     portal_ice_cave_entry_animals_and_master, uniq_psyche
Temple:   cyrus_circular_temple

Skill      XL: |  1  2  3  4  5  6  7  8  9 10 11 |
---------------+----------------------------------+-----
Maces & Flails | 3 4 5 6 7 |  7.0
Fighting       | 4 6 7 |  7.1
Armour         | 5 6 |  6.3
Dodging        | 3 5 8 |  8.0
Invocations    | 4 7 10 | 10.5
Shields        | |  3.2

Action                   |  1- 3 |  4- 6 |  7- 9 | 10-12 || total
-------------------------+-------+-------+-------+-------++-------
Melee: Flail             |   104 |   130 |   551 |   225 ||  1010
Evoke: Wand              |       |       |     2 |       ||     2
  Use: Scroll            |     6 |     6 |    11 |     3 ||    26
       Potion            |       |     1 |       |       ||     1
 Stab: Confused          |       |       |     3 |       ||     3
  Eat: Chunk             |       |     1 |    13 |     2 ||    16
       Fruit             |       |     2 |       |       ||     2
Armor: Scale mail        |    59 |   100 |   375 |    91 ||   625
Dodge: Dodged            |    39 |    45 |   267 |   180 ||   531
Block: Shield            |    61 |    79 |   352 |   164 ||   656
